 Dungeon Crawl Stone Soup version 0.29-a0-40-g8eb35efe60 (webtiles) character file.

Game seed: 14892323824685705946

423 vineage the Skirmisher (level 6, 0/57 HPs)
             Began as a Ghoul Gladiator on Feb 1, 2022.
             Slain by an ogre (18 damage)
             ... on level 4 of the Dungeon.
             The game lasted 00:02:29 (3046 turns).

vineage the Skirmisher (Ghoul Gladiator)            Turns: 3046, Time: 00:02:30

Health: 0/57       AC:  5    Str: 20    XL:     6   Next: 95%
Magic:  5/5        EV: 12    Int:  3    God:
Gold:   93         SH:  0    Dex: 10    Spells: 5/5 levels left

rFire   . . .      SeeInvis .     - Unarmed
rCold   + . .      Faith    .   (no shield)
rNeg    + + +      Spirit   .   b - +0 leather armour
rPois   ∞          Reflect  .   c - +0 helmet
rElec   .          Harm     .   a - +0 cloak
rCorr   .          Rampage  .   (no gloves)
Will    .....                   (no boots)
Stlth   +.........              k - amulet of the acrobat
HPRegen 0.00/turn               (no ring)
MPRegen 0.09/turn               (no ring)

@: inhibited regen
A: claws 1, cold resistance 1, negative energy resistance 3, inhibited
regeneration, torment resistance 2
a: no special abilities


You were on level 4 of the Dungeon.
You visited 1 branch of the dungeon, and saw 4 of its levels.

You collected 93 gold pieces.

Inventory:

Missiles
 d - 3 throwing nets (quivered)
Armour
 a - a +0 cloak (worn)
 b - a +0 leather armour (worn)
 c - a +0 helmet (worn)
Jewellery
 g - a ring of wizardry
 i - a ring of magical power
 k - an amulet of the acrobat (around neck)
 o - a ring of see invisible
 r - a ring of protection from fire
Wands
 p - a wand of iceblast (11)
Scrolls
 e - 3 scrolls of identify {unknown}
 f - a scroll of vulnerability {unknown}
 j - a scroll of blinking {unknown}
 l - 2 scrolls of teleportation {unknown}
 n - 2 scrolls of magic mapping {unknown}
 q - a scroll of fear {unknown}
Potions
 h - a potion of cancellation {unknown}
 m - a potion of curing


   Skills:
 + Level 5.7 Fighting
 - Level 2.6 Maces & Flails
 - Level 1.7 Throwing
 - Level 2.6 Dodging
 + Level 5.1 Unarmed Combat


You had 5 spell levels left.
You didn't know any spells.
Your spell library contained the following spells:

 Spells                   Type           Power      Damage    Failure   Level
 Animate Skeleton         Necr           0%         N/A       58%         1
 Pain                     Necr           0%         1d4       58%         1
 Vampiric Draining        Necr           0%         2d6       91%         3


Dungeon Overview and Level Annotations

Branches:
Dungeon (4/15)
 Temple: D:4-7

Altars:
Ashenzari


Innate Abilities, Weirdness & Mutations

You thrive by killing the living.
You are immune to poison.
You have sharp fingernails.
Your flesh is cold resistant. (rC+)
You are immune to negative energy. (rN+++)
You do not regenerate when monsters are visible.
You are immune to unholy pain and torment.


Message History

No target in view!
No target in view!
No target in view!
No target in view!
No target in view!
You hear the quick hiss of a distant avalanche of sand.
An ogre comes into view. It is wielding a +0 giant spiked club.
An ogre is nearby!
An ogre is nearby!
An orc comes into view. It is wielding a +0 falchion.
The ogre shouts!
An iguana comes into view.
An orc comes into view. It is wielding a +2 dagger of flaming.
The orc moves out of view.
Things that are here:
a +0 dagger; a +0 robe; an orc corpse
Things that are here:
a +0 dagger; a +0 robe An ogre is nearby!
You start putting on your amulet.
You continue putting on your amulet of the acrobat. x4
The ogre misses you.
You continue putting on your amulet of the acrobat.
The ogre hits you with a +0 giant spiked club!
You finish putting on your amulet of the acrobat.
You feel ready to tumble and roll out of harm's way.
k - an amulet of the acrobat (around neck)
The iguana hisses angrily.
You scratch the ogre but do no damage.
You hear a shout!
The ogre hits you with a +0 giant spiked club!!
* * * LOW HITPOINT WARNING * * *
You feel better.
You claw the ogre!
The ogre is heavily wounded.
The ogre closely misses you.
You claw the ogre!
The ogre is severely wounded.
The ogre hits you with a +0 giant spiked club!!
You die...

o... ##.# O.. ...## .
..##...# .. # ...... ...
#.##...## ....
#..(....#.....
##.)).......
#####l..))..#.#
######.@Ooo###.......
#......##### ........
#......######.##....#
#.....###.....# .....
#.....###...##.......
#...†................
#############.####^####..
##......## ##.#
##........####..#


You could see an ogre, an iguana and 2 orcs.

Vanquished Creatures
  Sigmund (D:3)
  A scorpion (D:4)
  A bullfrog zombie (D:3)
  3 orc wizards (D:4)
  4 adders
  2 dart slugs
  7 orcs
  2 endoplasms
  A giant cockroach (D:3)
  2 hobgoblins
  7 jackals (D:2)
  2 quokkas (D:1)
  6 ball pythons
  4 bats
  2 frilled lizards
  3 goblins
  5 kobolds
  3 rats
56 creatures vanquished.

Notes
Turn   | Place    | Note
-------+----------+-------------------------------------------
     0 | D:1      | vineage the Ghoul Gladiator began the quest for the Orb.
     0 | D:1      | Reached XP level 1. HP: 17/17 MP: 0/0
   263 | D:1      | Reached skill level 1 in Unarmed Combat
   377 | D:1      | Reached XP level 2. HP: 25/25 MP: 1/1
   844 | D:2      | Reached XP level 3. HP: 25/31 MP: 2/2
  1443 | D:2      | Found a faded altar of an unknown god.
  1500 | D:3      | Reached XP level 4. HP: 39/39 MP: 3/3
  1594 | D:3      | Noticed Sigmund
  1612 | D:3      | Killed Sigmund
  1613 | D:3      | Reached XP level 5. HP: 31/47 MP: 4/4
  1804 | D:3      | Reached XP level 6. HP: 55/55 MP: 5/5
  2059 | D:3      | Reached skill level 5 in Fighting
  2165 | D:3      | Found a broken altar of Ashenzari.
  2898 | D:4      | Reached skill level 5 in Unarmed Combat
  3046 | D:4      | Slain by an ogre

Illustrated notes

Levels and vault maps discovered:
D:1:      roderic_octagonal_star, layout_basic, minmay_misc_feat_doors,
          minmay_misc_feat_alley
D:2:      layout_basic, basic_ecumenical_altar
D:3:      layout_loops_corners, lemuel_coloured_pillars_altar, uniq_sigmund
D:4:      layout_rooms, lemuel_tele_altar, okawaru_altar_gauntlet_db,
          lightli_ossuary_entry_decrepit_ruins, minmay_puff

Skill      XL: |  1  2  3  4  5  6 |
---------------+-------------------+-----
Unarmed Combat | 1 2 4 5 |  5.1
Fighting       | 3 4 5 |  5.7
Maces & Flails | |  2.6
Throwing       | |  1.7
Dodging        | |  2.6

Action                   |  1- 3 |  4- 6 || total
-------------------------+-------+-------++-------
Melee: Unarmed           |   112 |    93 ||   205
       Punch             |     4 |     5 ||     9
  Use: Potion            |       |     1 ||     1
Armor: Leather armour    |    38 |    24 ||    62
Dodge: Dodged            |    70 |    52 ||   122

Table legend: (Time is in decaauts)
 A = Elapsed time spent in this place.
 B = Non-inter-level travel time spent in this place.
 C = Inter-level travel time spent in this place.
 D = Time resting spent in this place.
 E = Time spent auto-exploring this place.
 F = Levels seen in this place.
 G = Mean time per level.
                   A        B        C        D        E       F      G
               +--------+--------+--------+--------+--------+-----+--------+
         Total |   3034 |   2952 |     82 |      0 |   2551 |   4 |  758.5 |
       Dungeon |   3034 |   2952 |     82 |      0 |   2551 |   4 |  758.5 |
               +--------+--------+--------+--------+--------+-----+--------+

Top non-repeatable levels by time:
     D:3: 1002 daAuts
     D:2: 744 daAuts
     D:1: 737 daAuts
     D:4: 551 daAuts
